 Dungeon Crawl Stone Soup version 0.30-a0-465-g8901f6c8b5 (webtiles) character file.

Game seed: 12370732884833254436

77 Bnni the Grave Robber (level 4, 0/33 HPs)
             Began as a Demonspawn Necromancer on Dec 18, 2022.
             Slain by a gnoll
             ... wielding a +0 whip
              (7 damage)
             ... on level 1 of the Dungeon.
             The game lasted 00:02:39 (1579 turns).

Bnni the Grave Robber (Demonspawn Necromancer)      Turns: 1579, Time: 00:02:40

Health: 0/33       AC:  2    Str:  8    XL:     4   Next: 14%
Magic:  0/7        EV: 12    Int: 18    God:
Gold:   107        SH:  0    Dex: 14    Spells: 4/8 levels left

rFire   . . .      SeeInvis .    k - +3 dagger
rCold   . . .      Faith    .    (no shield)
rNeg    . . .      Spirit   +    a - +0 robe
rPois   .          Reflect  .    (no helmet)
rElec   .          Harm     .    (no cloak)
rCorr   .          Rampage  .    (no gloves)
Will    .....                    (no boots)
Stlth   ++........               (no amulet)
HPRegen 0.25/turn                (no ring)
MPRegen 0.20/turn                (no ring)

@: no status effects
A: powered by pain 1, magic shield, magic regeneration
a: no special abilities


You were on level 1 of the Dungeon.
You visited 1 branch of the dungeon, and saw 2 of its levels.

You collected 107 gold pieces.

Inventory:

Hand Weapons
 k - a +3 dagger (weapon)
Missiles
 d - 7 poisoned darts
Armour
 a - a +0 robe (worn)
Scrolls
 e - 6 scrolls of identify {unknown}
 f - a scroll of vulnerability {unknown}
 g - 2 scrolls of fear {unknown}
 h - 3 scrolls of teleportation {unknown}
 l - a scroll of magic mapping {unknown}
Potions
 b - a potion of magic
 c - 2 potions of might {unknown}
 i - a potion of haste {unknown}
 j - a potion of heal wounds {unknown}
 m - a potion of degeneration {unknown}


   Skills:
 + Level 1.6 Fighting
 - Level 1.7 Dodging
 - Level 1.7 Stealth
 + Level 2.6 Spellcasting
 * Level 5.4 Necromancy


You had 4 spell levels left.
You knew the following spells:

 Your Spells              Type           Power      Damage    Failure   Level
a - Necrotise             Necr           84%        1d8       1%          1
c - Vampiric Draining     Necr           21%        2d7       5%          3

Your spell library contained the following spells:

 Spells                   Type           Power      Damage    Failure   Level
 Animate Dead             Necr           21%        N/A       19%         4
 Agony                    Necr           21%        N/A       45%         5


Dungeon Overview and Level Annotations

Branches:
Dungeon (2/15)

Altars:


Innate Abilities, Weirdness & Mutations

You sometimes gain a little power by taking damage.
When hurt, damage is shared between your health and your magic reserves.
You regenerate magic rapidly.


Message History

The gnoll is almost dead.
The gnoll barely misses you.
The gnoll hits you from afar with a +0 spear.
Unknown command.
You closely miss the gnoll.
The gnoll is almost dead.
The gnoll hits you but does no damage.
You hit the gnoll but do no damage.
The gnoll is almost dead.
The gnoll hits you with a +0 flail.
You hit the gnoll.
You kill the gnoll!
Unknown command.
Aiming: Necrotise (safe; 1% risk of failure)
Press: ? - help, Q - select action, (/) - cycle Shift-Dir - straight line, f - gnoll
Aim: a gnoll, wielding a +0 whip (chance to affect: 85%)
The gnoll writhes in agony.
The gnoll hits you but does no damage. The gnoll closely misses you.
Unknown command.
Aiming: Necrotise (safe; 1% risk of failure)
Press: ? - help, Q - select action, (/) - cycle Shift-Dir - straight line, f/p - gnoll
Aim: a gnoll, wielding a +0 whip (lightly wounded, chance to affect: 85%)
The gnoll barely resists.
The gnoll hits you with a +0 whip.
The gnoll hits you from afar with a +0 spear!
Casting: Necrotise (safe; 1% risk of failure)
Confirm with . or Enter, or press ? or * to list all spells.
Okay, then.
The gnoll attacks as you move away! The gnoll closely misses you.
The gnoll attacks as you move away! The gnoll hits you with a +0 whip!
There is a stone staircase leading up here.
The gnoll barely misses you.
The gnoll hits you from afar with a +0 spear.
* * * LOW HITPOINT WARNING * * *
You climb upwards.
There is a stone staircase leading down here.
You hit the gnoll but do no damage.
The gnoll is lightly wounded.
The gnoll hits you with a +0 whip!
You die...

#####.......# #...........#
#.###.########## #.#.#.#####....#
#...#.......##)# ###.##########.#
#.............#
################..###############
................@................
################.g#......#.######
#..########.# #...........#####
########.##............#
#.......)##............#
#........##............#
#........##............##
#........##..............


You could see a gnoll.

Vanquished Creatures
  A gnoll (D:2)
  An adder (D:2)
  A worm (D:2)
  2 dart slugs
  4 ball pythons
  3 endoplasms (D:2)
  11 giant cockroaches
  2 goblins (D:1)
  5 hobgoblins
  4 kobolds
  A quokka (D:1)
  3 bats
  4 frilled lizards
  5 rats
47 creatures vanquished.

Notes
Turn   | Place    | Note
-------+----------+-------------------------------------------
     0 | D:1      | Bnni the Demonspawn Necromancer began the quest for the
                  | Orb.
     0 | D:1      | Reached XP level 1. HP: 13/13 MP: 3/3
   258 | D:1      | Gained mutation: You regenerate magic rapidly. [demonic
                  | ancestry]
   258 | D:1      | Reached XP level 2. HP: 20/20 MP: 5/5
   747 | D:2      | Reached skill level 1 in Fighting
   788 | D:2      | Reached skill level 5 in Necromancy
   788 | D:2      | Gained mutation: When hurt, damage is shared between your
                  | health and your magic reserves. [demonic ancestry]
   788 | D:2      | Reached XP level 3. HP: 18/26 MP: 0/6
   827 | D:2      | Learned a level 3 spell: Vampiric Draining
  1493 | D:2      | Gained mutation: You sometimes gain a little power by
                  | taking damage. [demonic ancestry]
  1493 | D:2      | Reached XP level 4. HP: 32/32 MP: 7/7
  1579 | D:1      | Slain by a gnoll

Illustrated notes

Levels and vault maps discovered:
D:1:      onia_arrival_mini_spirals, layout_basic, palyth_stone_intersect
D:2:      minmay_roachtagon, layout_loops_ring, corexii_hall_statues_l

Skill      XL: |  1  2 |
---------------+-------+-----
Fighting       | 1 |  1.6
Necromancy     | 5 |  5.4
Dodging        | |  1.7
Stealth        | |  1.7
Spellcasting   | |  2.6

Action                   |  1- 3 |  4- 6 || total
-------------------------+-------+-------++-------
Melee: Dagger            |   100 |     7 ||   107
 Cast: Necrotise         |    40 |     2 ||    42
       Vampiric Draining |     1 |     1 ||     2
 Stab: Sleeping          |     8 |       ||     8
Armor: Robe              |    15 |     2 ||    17
Dodge: Dodged            |    95 |     8 ||   103

Table legend: (Time is in decaauts)
 A = Elapsed time spent in this place.
 B = Non-inter-level travel time spent in this place.
 C = Inter-level travel time spent in this place.
 D = Time resting spent in this place.
 E = Time spent auto-exploring this place.
 F = Levels seen in this place.
 G = Mean time per level.
                   A        B        C        D        E       F      G
               +--------+--------+--------+--------+--------+-----+--------+
         Total |   1579 |   1571 |      8 |     57 |   1175 |   2 |  789.5 |
       Dungeon |   1579 |   1571 |      8 |     57 |   1175 |   2 |  789.5 |
               +--------+--------+--------+--------+--------+-----+--------+

Top non-repeatable levels by time:
     D:2: 810 daAuts
     D:1: 769 daAuts
